Map: Acropolis LE

Players

LiquidTLO (TLO) - Winner!

  • Race: Zerg Zerg
  • League: Grandmaster
  • Spawn Location: 11:00

SortOf

  • Race: Zerg Zerg
  • League: Master
  • Spawn Location: 5:00

Event: HomeStory Cup XIX

VOD

Have the link to the VOD?

Description

Time

  • Played on: June 27, 2019, 4:42 p.m.
  • Length: 10:45

All games in this series

Show
View Real Time Build Order
Export as new Build Order

LiquidTLO Zerg - Winner!

Build Orders: 3 Hatch before Pool 

Get SALT Encoding   

  12  0:01  Drone  
  13  0:12  Overlord  
  13  0:17  Drone  
  14  0:30  Drone  
  14  0:31  Drone  
  16  0:47  Hatchery  
  15  0:51  Drone  
  15  0:55  Drone  
  17  0:59  Drone  
  18  1:19  Hatchery  
  18  1:22  Drone  
  18  1:28  Extractor  
  17  1:36  Spawning Pool  
  17  1:39  Drone  
  17  1:42  Drone  
  17  1:45  Drone  
  19  1:52  Drone  
  20  2:01  Drone  
  20  2:02  Drone  
  22  2:11  Drone  
  23  2:17  Drone  
  24  2:23  Queen  
  28  2:30  Metabolic Boost  
  28  2:31  Queen  
  28  2:33  Drone  
  28  2:34  Evolution Chamber  
  28  2:36  Drone  
  29  2:39  Drone  
  29  2:41  Drone  
  29  2:44  Drone  
  32  2:48  Overlord  
  32  2:57  Drone x2  
  34  3:03  Overlord  
  34  3:05  Zerg Melee Weapons Level 1  
  34  3:09  Queen  
  34  3:11  Zergling x2  
  37  3:14  Drone  
  37  3:15  Zergling x2  
  37  3:17  Zergling x2  
  40  3:20  Zergling x2  
  40  3:21  Zergling x2  
  40  3:23  Zergling x2  
  40  3:25  Zergling x2  
  44  3:27  Zergling x2  
  44  3:28  Zergling x2  
  44  3:31  Zergling x4  
  44  3:34  Zergling x2  
  49  3:37  Zergling x2  
  49  3:40  Overlord  
  50  3:46  Overlord  
  50  3:58  Overlord  
  50  4:01  Zergling x14  
  57  4:07  Zergling x2  
  56  4:10  Zergling x2  
  56  4:11  Zergling x6  
  56  4:12  Zergling x2  
  56  4:14  Zergling x2  
  56  4:15  Zergling x2  
  56  4:16  Zergling x2  
  56  4:19  Zergling x2  
  56  4:21  Zergling x2  
  56  4:24  Zergling x4  
  58  4:27  Zergling x2  
  58  4:29  Zergling x2  
  57  4:39  Zergling x2  
  57  4:40  Zergling x4  
  57  4:44  Overlord  
  57  4:45  Zergling x2  
  60  4:50  Zergling x4  
  60  4:51  Zergling x2  
  60  4:52  Zergling x4  
  62  4:53  Zergling x4  
  62  4:54  Zergling x2  
  62  4:56  Zergling x2  
  64  5:02  Zergling x6  
  64  5:03  Zergling x2  
  62  5:10  Zergling x2  
  62  5:11  Zergling x2  
  62  5:13  Zergling x2  
  55  5:21  Zergling x2  
  55  5:22  Zergling x2, Zerg Ground Armor Level 1  
  55  5:24  Zergling x2  
  56  5:29  Zergling x6  
  56  5:33  Zergling x2  
  56  5:34  Zergling x6  
  59  5:36  Zergling x2  
  59  5:42  Zergling x2  
  57  5:43  Zergling x2, Baneling Nest  
  57  5:46  Zergling x2  
  57  5:50  Zergling x2  
  57  5:54  Zergling x2  
  57  5:55  Zergling x6  
  56  5:59  Drone x2  
  56  6:03  Drone x2  
  58  6:05  Drone  
  58  6:08  Drone  
  56  6:12  Drone  
  56  6:13  Extractor  
  56  6:14  Zergling x2  
  57  6:19  Zergling x6  
  57  6:20  Zergling x2  
  57  6:21  Zergling x2  
  57  6:24  Zergling x2  
  63  6:26  Zergling x2  
  63  6:27  Zergling x2  
  63  6:28  Zergling x2  
  63  6:30  Zergling x2  
  63  6:32  Baneling x2  
  65  6:33  Baneling  
  65  6:34  Baneling x2  
  65  6:37  Baneling  
  65  6:38  Baneling x3  
  64  6:42  Drone x2  
  64  6:44  Zergling x2  
  64  6:46  Baneling x2  
  67  6:48  Zergling x2  
  67  6:50  Zergling x2  
  68  6:55  Zergling x2  
  68  6:57  Zergling x2  
  68  6:58  Zergling x4  
  68  6:59  Zergling x2  
  72  7:02  Zergling x4  
  72  7:05  Zergling x2  
  72  7:06  Zergling x2  
  69  7:09  Zergling x2  
  69  7:13  Zergling x4  
  69  7:14  Zergling x4  
  68  7:16  Zergling x2  
  68  7:17  Baneling  
  68  7:20  Zergling x2  
  68  7:21  Zergling x2  
  68  7:22  Zergling x2  
  66  7:23  Zergling x2  
  66  7:25  Baneling  
  66  7:29  Queen  
  66  7:31  Zergling x2  
  66  7:34  Drone  
  66  7:35  Zergling x2, Drone  
  71  7:38  Zergling x4  
  69  7:44  Zergling x2  
  69  7:46  Zergling x2  
  69  7:48  Zergling x4, Queen  
  69  7:51  Zergling x2  
  69  7:54  Zergling x2  
  69  7:55  Zergling x4  
  67  7:59  Queen  
  67  8:03  Zergling x4  
  67  8:10  Lair  
  67  8:12  Zergling x2  
  67  8:13  Drone x2  
  67  8:16  Overlord x2  
  67  8:18  Overlord  
  69  8:24  Overlord  
  66  8:29  Overlord  
  60  8:34  Queen  
  60  8:35  Zergling x2, Queen  
  60  8:37  Zergling x2  
  64  8:45  Zergling x4  
  64  8:47  Zergling x2  
  64  8:48  Zergling x6  
  68  8:49  Zergling x4  
  68  8:50  Zergling x2  
  68  8:52  Zergling x2  
  71  8:59  Zergling x2  
  71  9:00  Zergling x4  
  74  9:08  Nydus Network  
  73  9:10  Zergling x8, Queen  
  73  9:11  Queen  
  73  9:14  Spore Crawler  
  73  9:15  Spore Crawler  
  78  9:21  Overlord  
  77  9:25  Overlord  
  77  9:27  Queen  
  75  9:32  Zergling x2, Overlord  
  75  9:36  Zergling x2  
  76  9:39  Zergling x2  
  76  9:45  Queen  
  76  9:46  Nydus Canal  
  76  9:50  Zergling x2  
  76  9:52  Zergling x2, Queen  
  79  9:54  Zergling x6  
  79  9:55  Zergling x2  
  79  9:56  Zergling x2  
  79  9:58  Zergling x2  
  79  9:59  Zergling x2  
  87  10:00  Nydus Canal  
  87  10:01  Overlord  
  87  10:02  Queen  
  88  10:12  Baneling  
  88  10:13  Baneling x2  
  88  10:18  Zergling x6  
  88  10:20  Zergling x2, Overlord  
  91  10:21  Nydus Canal  
  91  10:24  Zergling x2  
  93  10:31  Spore Crawler  
  93  10:32  Spore Crawler  
Show
View Real Time Build Order
Export as new Build Order

SortOf Zerg 

Build Orders: Hatch First 

Get SALT Encoding   

  12  0:01  Drone  
  13  0:12  Overlord  
  13  0:17  Drone  
  14  0:30  Drone x2  
  16  0:47  Hatchery  
  15  0:51  Drone  
  15  0:54  Drone  
  17  0:57  Drone  
  18  1:09  Extractor  
  17  1:12  Spawning Pool  
  17  1:16  Drone  
  17  1:19  Drone  
  18  1:27  Drone  
  19  1:39  Drone  
  20  1:49  Overlord  
  20  1:59  Queen x2  
  24  2:01  Drone x2  
  26  2:10  Drone x2  
  26  2:13  Metabolic Boost  
  28  2:22  Drone x2  
  30  2:33  Hatchery  
  30  2:35  Drone  
  30  2:39  Drone  
  30  2:44  Baneling Nest  
  30  2:45  Drone  
  30  2:47  Drone  
  32  2:52  Overlord  
  32  2:57  Drone  
  33  3:00  Queen  
  33  3:04  Zergling x2  
  36  3:10  Overlord  
  36  3:12  Zergling x4  
  38  3:13  Drone  
  38  3:15  Drone  
  40  3:20  Evolution Chamber  
  40  3:23  Drone  
  40  3:30  Drone  
  40  3:33  Lair  
  41  3:35  Drone  
  42  3:41  Drone x5  
  42  3:45  Overlord  
  47  3:50  Zergling x6  
  47  3:51  Zergling x2  
  47  3:54  Baneling x2  
  50  3:57  Extractor  
  50  3:58  Extractor  
  50  3:59  Zergling x2  
  50  4:00  Zergling x2  
  50  4:05  Zergling x2  
  50  4:11  Zergling x8  
  50  4:13  Zergling x4  
  50  4:15  Zergling x2  
  53  4:21  Baneling x2, Drone  
  53  4:23  Zergling x6  
  57  4:25  Queen  
  57  4:28  Baneling x3  
  59  4:32  Zergling x4  
  59  4:37  Drone x3  
  63  4:50  Overlord  
  62  4:55  Drone  
  62  4:56  Drone x6  
  66  5:02  Drone  
  66  5:06  Queen  
  64  5:08  Baneling x3, Zergling x2  
  64  5:09  Zergling x4  
  64  5:11  Zergling x2  
  65  5:20  Zergling x4, Extractor, Spire  
  61  5:25  Zerg Melee Weapons Level 1  
  56  5:28  Zergling x2  
  56  5:29  Zergling x2  
  56  5:32  Baneling, Zergling x4  
  56  5:33  Zergling x2  
  56  5:35  Zergling x2  
  57  5:36  Zergling x2  
  57  5:37  Zergling x2  
  57  5:40  Zergling x2  
  57  5:41  Zergling x2  
  59  5:46  Zergling x6  
  59  5:48  Zergling x2  
  63  5:50  Zergling x4  
  63  5:54  Baneling x2  
  63  5:55  Zergling x4  
  62  6:04  Zergling x4  
  62  6:15  Drone x2  
  64  6:23  Hatchery  
  64  6:25  Baneling  
  63  6:27  Baneling  
  63  6:29  Zergling x2  
  63  6:30  Baneling x2  
  60  6:35  Mutalisk x3  
  60  6:37  Overlord  
  60  6:39  Zerg Flyer Weapons Level 1  
  66  6:47  Baneling x2  
  65  7:02  Mutalisk x4  
  65  7:14  Mutalisk  
  57  7:18  Zergling x8, Queen x2  
  59  7:25  Zergling x2  
  59  7:29  Zergling x2  
  61  7:33  Zergling x2  
  60  7:37  Zergling x2  
  61  7:48  Mutalisk  
  55  8:05  Drone x2  
  56  8:08  Baneling  
  56  8:15  Drone x2  
  58  8:21  Baneling  
  56  8:33  Mutalisk x2  
  58  8:39  Drone x6  
  61  8:46  Drone  
  61  8:47  Drone  
  62  8:50  Drone  
  62  8:51  Drone  
  60  8:58  Drone  
  60  9:01  Drone  
  62  9:04  Baneling x4  
  62  9:10  Mutalisk x2  
  62  9:17  Queen  
  66  9:23  Mutalisk  
  68  9:34  Hatchery  
  68  9:38  Mutalisk  
  67  9:42  Drone  
  70  9:48  Mutalisk  
  72  9:56  Drone  
  72  9:57  Drone  
  72  9:59  Drone x2  
  76  10:06  Overlord  
  76  10:10  Overlord  
  76  10:16  Overlord  
Tags
 
Add a new tag
Caveats
  • Supply blocks, unpowered buildings, or Contaminate may cause inaccurate times.
  • Supply counts are checked every 10 seconds.